 Dungeon Crawl Stone Soup version 0.19.5 (webtiles) character file.

32 juanjsm the Sneak (level 3, 0/17 HPs)
             Began as a Spriggan Enchanter on Mar 2, 2017.
             Succumbed to an adder's poison
             ... on level 2 of the Dungeon.
             The game lasted 00:03:36 (1050 turns).

juanjsm the Sneak (Spriggan Enchanter)              Turns: 1050, Time: 00:03:36

Health: 0/17       AC:  3    Str:  1 (4)  XL:     3   Next: 8%
Magic:  5/8        EV: 24    Int: 14 (17) God:
Gold:   39         SH:  0    Dex: 20 (21) Spells: 2 memorised, 5 levels left

rFire  . . .     SeeInvis +     a - +1 dagger
rCold  . . .     Gourm    .     b - +1 robe
rNeg   . . .     Faith    .     (shield restricted)
rPois  .         Spirit   .     (helmet restricted)
rElec  .         Reflect  .     (no cloak)
rCorr  .         Harm     .     (gloves unavailable)
MR     .....                    (boots unavailable)
Stlth  ++++......               (no amulet)
                                (no ring)
                                (no ring)

@: agile, lethally poisoned (0 -> -2), very quick
A: unfitting armour, see invisible, herbivore 3, speed 3, slow metabolism 2
a: no special abilities


You were on level 2 of the Dungeon.
You were not hungry.

You visited 1 branch of the dungeon, and saw 2 of its levels.

You collected 39 gold pieces.

Inventory:

Hand Weapons
 a - a +1 dagger (weapon)
Armour
 b - a +1 robe (worn)
Jewellery
 o - an uncursed ring of flight {unknown}
Scrolls
 e - a scroll of recharging {unknown}
 f - 3 scrolls of fear {unknown}
 g - a scroll of amnesia {unknown}
 i - a scroll of fog {unknown}
 k - a scroll of identify {unknown}
 l - 3 scrolls of blinking {unknown}
 n - a scroll of noise {unknown}
Potions
 h - a potion of agility
Books
 c - a book of Maledictions

   Spells                             Type                      Level
   a - Corona                         Hexes                        1
   b - Ensorcelled Hibernation        Hexes/Ice                    2
   c - Confuse                        Hexes                        3
   d - Tukima's Dance                 Hexes                        3
   e - Dazzling Spray                 Conjuration/Hexes            3
Comestibles
 d - a bread ration
 j - 5 fruits


   Skills:
 + Level 0.7 Fighting
 + Level 1.7 Short Blades
 + Level 3.2 Dodging
 + Level 4.9 Stealth
 + Level 3.3 Spellcasting
 + Level 3.7 Hexes


You had 5 spell levels left.
You knew the following spells:

 Your Spells              Type           Power        Failure   Level  Hunger
a - Corona                Hex            ##.....      4%          1    #......
b - Ensorcelled Hibernat  Hex/Ice        #.....       17%         2    ##.....


Dungeon Overview and Level Annotations

Branches:
Dungeon (2/15)

Altars:
Nemelex Xobeh
Okawaru
Vehumet
Xom
The Shining One


Innate Abilities, Weirdness & Mutations

You are very small and have problems with some larger weapons.
You are too small for most types of armour.
You have supernaturally acute eyesight. (SInv)
You are a herbivore.
You cover ground extremely quickly.
You need consume almost no food.


Message History

You feel sick.
Memorise Confuse, consuming 3 spell levels and leaving 2?
You start memorising the spell.
You continue memorising.
Your memorisation is interrupted.
* * * LOW HITPOINT WARNING * * *
You feel sick.
It was a potion of agility.
You feel agile all of a sudden.
It was a potion of degeneration.
There was something very wrong with that liquid.
You feel weakened.
You feel dopey.
You feel clumsy.
There is a lethal amount of poison in your body!
* * * LOW HITPOINT WARNING * * *
You feel sick.
* * * LOW HITPOINT WARNING * * *
You feel sick.
Found 4 gold pieces.
* * * LOW HITPOINT WARNING * * *
You feel sick.
You die...

#........# #######
######'#.# #.....#
#.#.###.###.# #.#.......#.#
#.#######.#.# $
#.......#.#.# ...
#.#####...#.#
.....#####################.#
...............@...........#
.#...#######################
#S


There were no monsters in sight!

Vanquished Creatures
  An adder (D:2)
  A bat (D:1)
  6 giant cockroaches
  2 goblins
  3 hobgoblins (D:1)
  2 frilled lizards
  3 kobolds (D:1)
  2 rats (D:1)
20 creatures vanquished.

Notes
Turn   | Place    | Note
-------+----------+-------------------------------------------
     0 | D:1      | juanjsm the Spriggan Enchanter began the quest for the Orb.
     0 | D:1      | Reached XP level 1. HP: 9/9 MP: 5/5
   299 | D:1      | Found a shimmering altar of Xom.
   301 | D:1      | Found a sparkling altar of Nemelex Xobeh.
   301 | D:1      | Found a radiant altar of Vehumet.
   303 | D:1      | Found a sparkling altar of Nemelex Xobeh.
   303 | D:1      | Found an iron altar of Okawaru.
   303 | D:1      | Found a glowing golden altar of the Shining One.
   319 | D:1      | Reached XP level 2. HP: 13/13 MP: 5/7
   323 | D:1      | Learned a level 2 spell: Ensorcelled Hibernation
  1024 | D:2      | Reached XP level 3. HP: 5/17 MP: 3/8
  1050 | D:2      | Succumbed to an adder's poison

Skill      XL: |  1 |
---------------+----+-----
Spellcasting   | 3 |  3.3
Fighting       | |  0.7
Short Blades   | |  1.7
Dodging        | |  3.2
Stealth        | |  4.9
Hexes          | |  3.7

Action                   || total
-------------------------++-------
Melee: Dagger            ||    62
 Cast: Corona            ||    10
       Ensorcelled Hiber ||    10
  Use: Potion            ||     2
 Stab: Sleeping          ||     8
Armor: Robe              ||     7
Dodge: Dodged            ||    51
